 Seeded DCSS version 0.30.1-9-gdf580d7c3d (webtiles) character file.

Game seed: 7229806256980976716 (custom seed)

53 Psyclone the Digger (level 4, 30/33 HPs)
             Began as a Meteoran Earth Elementalist on Oct 16, 2023.
             Quit the game on level 2 of the Dungeon.
             The game lasted 00:00:43 (331 turns).

Psyclone the Digger (Meteoran Earth Elementalist)    Turns: 331, Time: 00:00:43

Health: 30/33      AC:  4    Str: 13    XL:     4   Next: 31%
Magic:  7/10       EV: 12    Int: 17    God:
Gold:   3825       SH:  0    Dex: 14    Spells: 9/10 levels left

rFire   . . .        (no weapon)
rCold   . . .        (no shield)
rNeg    . . .        a - +0 robe
rPois   .            (no helmet)
rElec   .            (no cloak)
rCorr   .            (no gloves)
SInv    .            (no boots)
Will    .....        (no amulet)
Stlth   +            (no ring)
HPRegen 0.25/turn    (no ring)
MPRegen 0.12/turn

%: no passive effects
@: glowing
A: sense surroundings 1, otherworldly, glowing, explore regen, iridescent scales
1, strong 1, evolution 2, MP-powered wands
a: no special abilities


You were on level 2 of the Dungeon.
You visited 1 branch of the dungeon, and saw 2 of its levels.

You collected 3825 gold pieces.

Inventory:

Missiles
 d - a throwing net {!f}
Armour
 a - a +0 robe (worn)
Scrolls
 c - 2 scrolls of amnesia {unknown}
 e - a scroll of identify {unknown}
 f - a scroll of blinking {unknown}
 h - a scroll of enchant armour {unknown}
Potions
 b - a potion of magic
 g - a potion of might {unknown}
 i - 2 potions of curing {unknown}
 j - a potion of invisibility {unknown}
 k - a potion of brilliance {unknown}


   Skills:
 - Level 2.4 Dodging
 - Level 1.4 Stealth
 * Level 3.8 Spellcasting
 + Level 2.1 Transmutations
 * Level 4.5 Earth Magic


You had 9 spell levels left.
You knew the following spells:

 Your Spells              Type           Power      Damage    Failure   Level
a - Sandblast             Erth           36%        2d10      2%          1

Your spell library contained the following spells:

 Spells                   Type           Power      Damage    Failure   Level
 Passwall                 Tmut/Erth      11%        N/A       6%          2
 Stone Arrow              Conj/Erth      20%        3d8       19%         3
 Petrify                  Tmut/Erth      14%        N/A       38%         4


Dungeon Overview and Level Annotations

Branches:
Dungeon (2/15) Zot: 861

Altars:


Innate Abilities, Weirdness & Mutations

You passively map a small area around you.
You are easily found by Zot.
You glow in the dark.
You regain HP and MP as you explore.
You are partially covered in iridescent scales. (AC +2)
Your muscles are strong. (Str +4, Int/Dex -1)
You have great hidden genetic potential.
You expend magic power (3 MP) to strengthen your wands.


Message History

Health restored: 33 You now have 6/10 mp.
A jackal comes into view.
A rat and a jackal come into view.
Found a runed morningstar.
Found a stone staircase leading up.
The jackal barks! x2; You hear a bark!
A jackal comes into view.
MP restored: 10
Casting: Sandblast (safe; 2% risk of failure)
Confirm with . or Enter, or press ? or * to list all spells.
Aiming: Sandblast (safe; 2% risk of failure)
Press: ? - help, Shift-Dir - straight line, f - jackal
Aim: a jackal (77% to hit)
The blast of sand misses the jackal.
The jackal barks!
A jackal comes into view.
You feel a genetic drift.
You feel stronger.
You now have 9/10 mp.
Casting: Sandblast (safe; 2% risk of failure)
Confirm with . or Enter, or press ? or * to list all spells.
Aiming: Sandblast (safe; 2% risk of failure)
Press: ? - help, Shift-Dir - straight line, f/p - jackal
Aim: a jackal (77% to hit)
The blast of sand hits the jackal!
You kill the jackal!
The jackal barely misses you.
You now have 8/10 mp.
Casting: Sandblast (safe; 2% risk of failure)
Confirm with . or Enter, or press ? or * to list all spells.
Aiming: Sandblast (safe; 2% risk of failure)
Press: ? - help, Shift-Dir - straight line, f - jackal
Aim: a jackal (77% to hit)
The blast of sand hits the jackal!
You kill the jackal!
The jackal bites you.
You take 3 damage, and have 30/33 hp.
You now have 7/10 mp.
Unknown command.
Unknown command.
Are you sure you want to abandon this character and quit the game? (Confirm with "yes".)

, , , * #.....# <).......#
#.....####
.........####........#
............, .......# * ,
........... #.....### ,
............ #........ ,,*
.......r...,, #........
.....hh.#.#* #........
######@#†######....#### *
#....#.............# , ,
##............>..####
,,#...........†.......#
.......#....######........
..####.#..### #..........
* , ###..# #.......... ,
....# ###.......##. *
###...* #.........# .


You could see 2 jackals and a rat.

Vanquished Creatures
  A jelly (D:2)
  An adder (D:2)
  2 ball pythons
  A bat (D:1)
  An endoplasm (D:2)
  A giant cockroach (D:1)
  A hobgoblin (D:1)
  2 jackals (D:2)
  A quokka (D:1)
  A frilled lizard (D:1)
  2 rats
14 creatures vanquished.

Notes
Turn   | Place    | Note
-------+----------+-------------------------------------------
     0 | D:1      | Psyclone the Meteoran Earth Elementalist began the quest
                  | for the Orb.
     0 | D:1      | Reached XP level 1. HP: 14/14 MP: 5/5
    64 | D:1      | Identified 3 scrolls of acquirement
    64 | D:1      | Acquired 1248 gold pieces
    65 | D:1      | Acquired 1275 gold pieces
    88 | D:1      | Acquired 1252 gold pieces
   159 | D:1      | Reached XP level 2. HP: 20/20 MP: 3/6
   193 | D:1      | Gained mutation: You are partially covered in iridescent
                  | scales. (AC +2) [potion of mutation]
   193 | D:1      | Gained mutation: You expend magic power (3 MP) to
                  | strengthen your wands. [potion of mutation]
   193 | D:1      | Gained mutation: You have hidden genetic potential. [potion
                  | of mutation]
   193 | D:1      | Gained mutation: You have great hidden genetic potential.
                  | [potion of mutation]
   282 | D:2      | Reached skill level 4 in Earth Magic
   301 | D:2      | Reached XP level 3. HP: 26/26 MP: 6/8
   325 | D:2      | Reached XP level 4. HP: 33/33 MP: 6/10
   328 | D:2      | Gained mutation: Your muscles are strong. (Str +4, Int/Dex
                  | -1) [hidden potential]
   331 | D:2      | Quit the game

Illustrated notes

Levels and vault maps discovered:
D:1:      spicycebolla_arrival_ecumenical, layout_loops_ring
D:2:      layout_basic

Skill      XL: |  1  2  3 |
---------------+----------+-----
Spellcasting   | 3 |  3.8
Earth Magic    | 4 |  4.5
Transmutations | 2 |  2.1
Dodging        | |  2.4
Stealth        | |  1.4

Action                     |  1- 3 |  4- 6 || total
---------------------------+-------+-------++-------
   Cast: Sandblast         |    13 |     3 ||    16
    Use: Scroll            |     3 |       ||     3
         Potion            |     1 |       ||     1
  Dodge: Dodged            |     1 |     1 ||     2
